 Dungeon Crawl Stone Soup version 0.16.0-8-gd9ae3a8 (console) character file.

1316 gw the Ruffian (level 8, -1/61 (67) HPs)
             Began as a Ghoul Summoner on Mar 17, 2015.
             Slain by a hound (3 damage)
             ... on level 6 of the Dungeon.
             The game lasted 00:07:12 (6037 turns).

gw the Ruffian (Ghoul Summoner)                     Turns: 6037, Time: 00:07:12

HP:   -1/61 (67)    AC:  9    Str: 11 (12) XL:     8   Next: 59%
MP:   0/10          EV:  2    Int: 10      God:
Gold: 237           SH:  0    Dex:  9 (11) Spells: 1 memorised, 9 levels left

rFire  . . .     SeeInvis .       - Unarmed
rCold  + . .     Clarity  .     k - +0 plate armour
rNeg   + + +     SustAb   .     (no shield)
rPois  ∞         Gourm    .     i - +0 helmet
rElec  .         Spirit   .     (no cloak)
rCorr  .         Warding  .     r - +0 pair of gloves
rMut   .         Stasis   .     (no boots)
MR     .....                    (no amulet)
Stlth  ..........               (no ring)
                                (no ring)

@: corroded equipment, contaminated, rotting, glowing, not resistant to hostile
enchantments, extremely unstealthy
A: rotting body, claws 1, carnivore 3, cold resistance 1, negative energy
resistance 3, poison resistance, slow healing 1, torment resistance, unbreathing
a: no special abilities


You were on level 6 of the Dungeon.
You were not hungry.

You visited 1 branch of the dungeon, and saw 6 of its levels.

You collected 237 gold pieces.

Inventory:

Missiles
 d - 217 stones
 o - 7 javelins (quivered)
 p - 13 tomahawks
Armour
 i - a +0 helmet (worn)
 k - a +0 plate armour (worn)
 r - a +0 pair of gloves (worn)
Scrolls
 a - 11 scrolls of identify
 h - a scroll of fear
 s - a scroll of remove curse {unknown}
Potions
 c - 2 potions of heal wounds {unknown}
 e - a potion of curing
 n - a potion of decay {unknown}
 q - a potion of cure mutation {unknown}
Books
 b - a book of Callings

   Spells                             Type                      Level
   a - Summon Small Mammal            Summoning                    1
   b - Call Imp                       Summoning                    2
   c - Call Canine Familiar           Summoning                    3
   d - Summon Guardian Golem          Hexes/Summoning              4
   e - Summon Lightning Spire         Summoning/Air                4
   f - Summon Ice Beast               Ice/Summoning                4
Comestibles
 f - a royal jelly
 g - a slice of pizza
 j - 3 meat rations
 m - a beef jerky


   Skills:
 + Level 4.6 Fighting
 + Level 4.0 Throwing
 + Level 4.0 Armour
 - Level 1.7 Dodging
 - Level 2.1 Stealth
 * Level 6.8 Unarmed Combat
 - Level 1.7 Spellcasting
 - Level 3.6 Summonings


You had 9 spell levels left.
You knew the following spells:

 Your Spells              Type           Power        Failure   Level  Hunger
a - Summon Small Mammal   Summ           #...         100%        1    ##.....


Dungeon Overview and Level Annotations

Branches:
Dungeon (6/15)
 Temple: D:4-7

Altars:
Ashenzari
Makhleb
Ru
Trog
Vehumet
The Shining One

Shops:
D:5 !   D:6 *

Annotations:
D:6 Prince Ribbit


Innate Abilities, Weirdness & Mutations

Your body is rotting away.
You thrive on raw meat.
You have sharp fingernails.
You are carnivorous and can eat meat at any time.
Your flesh is cold resistant.
You are immune to negative energy.
Your system is resistant to poisons.
You heal slowly when monsters are visible.
You are immune to unholy pain and torment.
You can survive without breathing.


Message History

The jelly hits you but does no damage. The hound bites you but does no damage.
The centaur hits you. The jelly hits you but does no damage.
The hound bites you but does no damage.
Unknown command.
Unknown command.
Unknown command.
Unknown command.
Casting: Summon Small Mammal
Confirm with . or Enter, or press ? or * to list all spells.
You miscast Summon Small Mammal.
The world appears momentarily distorted.
The centaur hits you. The hound bites you but does no damage.
The centaur hits you but does no damage.
The jelly hits you but does no damage.
ATTACK MOVE TO (-1,-1)
Your plate armour prevents you from hitting the hound.
Your punch misses the hound.
The hound is severely wounded.
The hound bites you.
You die...

. . ..... #.....# #
#.....########### #######
########......h........# #......
#....(h......FJn(......# #......
#....Z.......Sc........# #......
##..........[############ #......
.............).## #######
##...........#..#################
.+...........+...................
##...........##.#########.#####.#
#...........##.## #.# #.#
##...........##..# #.# #.#


You could see Prince Ribbit, a centaur, a hound, a jelly and an adder.

Table legend:
 A = Turns spent in this place as a percentage of turns spent in the entire game.
 B = Non-inter-level travel turns spent in this place as a percentage of non-inter-level travel turns spent in the entire game.
 C = Inter-level travel turns spent in this place as a percentage of turns spent in this place.
 D = Turns resting spent in this place as a percentage of non-inter-level travel turns spent in this place.
 E = Turns spent auto-exploring this place as a percentage of non-inter-level travel turns spent in this place.
 F = Non-inter-level travel turns spent in this place divided by the number of levels of this place that you've seen.
                   A       B       C       D       E      F
               +-------+-------+-------+-------+-------+----------------------
         Total | 100.0 | 100.0 |   1.8 |   1.0 |   1.8 | 2034.2
       Dungeon | 100.0 | 100.0 |   1.8 |   1.0 |   1.8 | 2034.2
               +-------+-------+-------+-------+-------+----------------------

Table legend:
 A = Kills in this place as a percentage of kills in entire the game.
 B = Kills by you in this place as a percentage of kills by you in the entire game.
 C = Kills by friends in this place as a percentage of kills by friends in the entire game.
 D = Other kills in this place as a percentage of other kills in the entire game.
 E = Experience gained in this place as a percentage of experience gained in the entire game.
 F = Experience gained in this place divided by the number of levels of this place that you have seen.
                   A       B       C       D       E      F
               +-------+-------+-------+-------+-------+----------------------
         Total | 100.0 | 100.0 | 100.0 |  -nan | 100.0 | 313.5
       Dungeon | 100.0 | 100.0 | 100.0 |  -nan | 100.0 | 313.5
               +-------+-------+-------+-------+-------+----------------------

Vanquished Creatures
  The ghost of gw the Ducker, an average MfNe (D:3)
  A sky beast (D:6)
  2 ogres (D:4)
  A centaur (D:5)
  Duvessa (D:5)
  Blork the orc (D:5)
  A giant frog (D:6)
  4 scorpions
  Dowan (D:5)
  2 crimson imps
  An orc priest (D:6)
  A jelly (D:5)
  A centaur skeleton (D:6)
  A centaur zombie (D:6)
  An orc wizard (D:5)
  A giant frog skeleton (D:6)
  An iguana (D:4)
  2 worker ants
  A gnoll (D:1)
  6 adders
  3 adder skeletons
  3 giant geckos
  2 orcs (D:5)
  9 bats
  7 giant cockroaches
  7 goblins
  5 hobgoblins
  A giant gecko skeleton (D:5)
  A giant newt (D:3)
  4 jackals
  10 kobolds
  7 rats
90 creatures vanquished.

Vanquished Creatures (collateral kills)
  Ijyb (D:5)
  A giant gecko (D:2)
  An ooze (D:2)
  An orc (D:5)
  A bat skeleton (D:6)
  5 hobgoblins
  3 bats
  2 giant newts
  5 goblins
  3 jackals
  3 kobolds
  5 rats
31 creatures vanquished.

Vanquished Creatures (others)
  32 bats
  29 rats
61 creatures vanquished.

Grand Total: 182 creatures vanquished

Notes
Turn   | Place    | Note
--------------------------------------------------------------
     0 | D:1      | gw, the Ghoul Summoner, began the quest for the Orb.
     0 | D:1      | Reached XP level 1. HP: 14/14 MP: 2/2
   206 | D:1      | Reached XP level 2. HP: 18/20 MP: 0/3
   273 | D:1      | Reached skill level 1 in Unarmed Combat
   419 | D:1      | Found a shattered altar of Ashenzari.
  1176 | D:1      | Reached skill level 1 in Throwing
  1176 | D:1      | Reached skill level 1 in Armour
  1176 | D:1      | Reached XP level 3. HP: 27/27 MP: 0/5
  1306 | D:2      | Found a burning altar of Makhleb.
  1332 | D:2      | Reached skill level 1 in Fighting
  1464 | D:2      | Found a glowing golden altar of the Shining One.
  2183 | D:3      | Reached XP level 4. HP: 21/35 MP: 0/5
  2479 | D:3      | Noticed gw's ghost (average MfNe)
  2496 | D:3      | Killed gw's ghost
  2496 | D:3      | Reached XP level 5. HP: 30/42 MP: 0/6
  2536 | D:3      | Noticed a scorpion
  2543 | D:3      | Killed a scorpion
  2543 | D:3      | Reached XP level 6. HP: 50/50 MP: 0/8
  2621 | D:3      | Found a bloodstained altar of Trog.
  3026 | D:4      | Reached skill level 4 in Unarmed Combat
  3167 | D:4      | Found a radiant altar of Vehumet.
  3348 | D:4      | Reached XP level 7. HP: 38/57 MP: 0/8
  3740 | D:4      | Found a sacrificial altar of Ru.
  3777 | D:5      | Entered Level 5 of the Dungeon
  3819 | D:5      | Reached skill level 5 in Unarmed Combat
  4257 | D:5      | Noticed Blork the orc
  4275 | D:5      | Killed Blork the orc
  4505 | D:5      | Noticed Dowan
  4506 | D:5      | Noticed Duvessa
  4518 | D:5      | Killed Duvessa
  4532 | D:5      | Killed Dowan
  4682 | D:5      | Found Gheroiv's Distillery.
  4697 | D:5      | Noticed Ijyb
  4749 | D:5      | Reached XP level 8. HP: 8/66 MP: 0/10
  4803 | D:5      | Reached skill level 6 in Unarmed Combat
  4806 | D:5      | Killed Ijyb
  5269 | D:6      | Found Ukhesit's General Store.
  6004 | D:6      | Noticed Prince Ribbit
  6035 | D:6      | HP: 2/61 [centaur (5)]
  6037 | D:6      | Slain by a hound

Action                   |  1- 3 |  4- 6 |  7- 9 || total
-------------------------+-------+-------+-------++-------
Melee: Unarmed           |   106 |    70 |   179 ||   355
Throw: Stone             |    75 |    10 |       ||    85
       Tomahawk          |    11 |     3 |       ||    14
       Javelin           |       |       |    25 ||    25
 Cast: Summon Small Mamm |    88 |    59 |   106 ||   253
  Use: Scroll            |     7 |     1 |     9 ||    17
       Potion            |     4 |     2 |     4 ||    10
 Stab: Distracted        |     1 |       |     3 ||     4
  Eat: Chunk             |    30 |    24 |    26 ||    80

Vault maps used:
D:1:      tarquinn_simple_flora_water_b, evilmike_ruin_ashenzari
D:2:      bloody_makhleb, tso_metal_star
D:3:      bloody_trog, first_bread
D:4:      kennysheep_mini_moat, nicolae_overflow_crystal_walls
D:5:      serial_shops, shop, uniq_blork_the_orc, uniq_duvessa, uniq_iyjb
D:6:      serial_shops, nicolae_shop_window_shopping, uniq_prince_ribbit1
